 Dungeon Crawl Stone Soup version 0.23.2-33-g5129a83184 (webtiles) character file.

Game seed: 404652470010576939

10487 kae the Arsonist (level 11, 0/88 HPs)
             Began as a Grey Draconian Fire Elementalist on July 25, 2019.
             Was a Priest of Vehumet.
             Slain by a porcupine (6 damage)
             ... on level 2 of the Lair of Beasts.
             The game lasted 00:18:04 (13121 turns).

kae the Arsonist (DrFE)                            Turns: 13121, Time: 00:18:05

Health: 0/88       AC: 13    Str: 10    XL:     11   Next: 36%
Magic:  18/24      EV: 15    Int: 22    God:    Vehumet [***...]
Gold:   596        SH:  0    Dex: 12    Spells: 13/28 levels left

rFire    . . .     SeeInvis .   z - +3 great sword (freeze)
rCold    . . .     Gourm    .   (shield currently unavailable)
rNeg     . . .     Faith    .   (armour unavailable)
rPois    .         Spirit   .   (helmet restricted)
rElec    .         Reflect  .   u - +0 cloak
rCorr    .         Harm     .   (no gloves)
MR       .....                  (no boots)
Stlth    ++........             (no amulet)
HPRegen  0.24/turn              w - +3 ring of evasion
MPRegen  0.19/turn              q - +3 ring of intelligence

@: about to teleport
A: walk through water, unfitting armour, unbreathing, cold-blooded, AC +12
a: Renounce Religion


You were on level 2 of the Lair of Beasts.
You worshipped Vehumet.
Vehumet was most pleased with you.
You were very hungry.

You visited 3 branches of the dungeon, and saw 12 of its levels.

You collected 596 gold pieces.

Inventory:

Hand Weapons
 f - a +3 dagger of draining
 z - a +3 great sword of freezing (weapon)
Armour
 u - a +0 cloak (worn)
Jewellery
 q - a +3 ring of intelligence (right hand)
 r - an uncursed ring of protection from cold
 t - an uncursed amulet of harm
 w - a +3 ring of evasion (left hand)
Wands
 a - a wand of acid (17)
 i - a wand of iceblast (15)
 p - a wand of flame (30)
Scrolls
 c - a scroll of teleportation
 d - 4 scrolls of identify
 e - 2 scrolls of enchant armour
 k - 3 scrolls of amnesia
 l - 4 scrolls of remove curse
 o - 3 scrolls of fog
 v - 3 scrolls of enchant weapon
 y - a scroll of blinking
 B - a scroll of magic mapping
 D - 3 scrolls of torment {unknown}
Potions
 g - 3 potions of invisibility
 h - a potion of might {unknown}
 j - a potion of brilliance
 m - a potion of berserk rage
 n - 3 potions of curing
 s - 2 potions of heal wounds
 x - a potion of cancellation
 A - 2 potions of agility {unknown}
 C - a potion of lignification
Comestibles
 b - 23 rations


   Skills:
 + Level 5.3 Fighting
 - Level 1.7 Dodging
 - Level 1.7 Stealth
 + Level 9.2 Spellcasting
 - Level 4.0 Conjurations
 * Level 13.6 Fire Magic


You had 13 spell levels left.
You knew the following spells:

 Your Spells              Type           Power        Failure   Level  Hunger
a - Flame Tongue          Conj/Fire      #####        1%          1    None
b - Throw Flame           Conj/Fire      #####.       1%          2    None
c - Conjure Flame         Conj/Fire      #####...     1%          3    None
d - Sticky Flame          Conj/Fire      #####...     1%          4    ##.....
e - Fireball              Conj/Fire      #####.....   1%          5    ####...

Your spell library contained the following spells:

 Spells                   Type           Power        Failure   Level  Hunger
 Olgreb's Toxic Radiance  Pois           ##......     17%         4    ##.....
 Sting                    Conj/Pois      ###.         1%          1    None
 Searing Ray              Conj           ####..       1%          2    None
 Throw Frost              Conj/Ice       ###...       1%          2    None
 Inner Flame              Hex/Fire       #####...     1%          3    None
 Animate Skeleton         Necr           N/A          7%          1    None
 Apportation              Tloc           ##....       7%          1    None
 Confusing Touch          Hex            ##....       7%          1    None
 Pain                     Necr           ##..         7%          1    None
 Summon Small Mammal      Summ           ##..         7%          1    None
 Call Imp                 Summ           ##......     10%         2    None
 Call Canine Familiar     Summ           ##......     21%         3    None
 Confuse                  Hex            ##......     21%         3    None
 Gell's Gravitas          Tloc           ##........   21%         3    None
 Regeneration             Chrm/Necr      ##........   21%         3    None
 Summon Guardian Golem    Hex/Summ       ##......     21%         3    None
 Vampiric Draining        Necr           ##........   21%         3    None
 Yara's Violent Unravell  Hex/Tmut       ##........   41%         5    ####...
 Animate Dead             Necr           N/A          54%         4    ##.....
 Petrify                  Tmut/Erth      ##......     54%         4    ##.....
 Summon Ice Beast         Ice/Summ       ##......     54%         4    ##.....
 Summon Lightning Spire   Summ/Air       ##......     54%         4    ##.....
 Metabolic Englaciation   Hex/Ice        ##........   88%         5    ####...


Dungeon Overview and Level Annotations

Branches:
Dungeon (9/15)             Temple (1/1) D:6            Lair (2/6) D:9
    Orc (0/2) D:9
  Swamp: Lair:2-4    Shoals: Lair:2-4     Snake: Lair:2-4    Spider: Lair:2-4

Altars:
Ashenzari
Cheibriados
Dithmenos
Elyvilon
Fedhas
Gozag
Hepliaklqana
Kikubaaqudgha
Makhleb
Nemelex Xobeh
Okawaru
Qazlal
Ru
Sif Muna
Trog
Uskayaw
Vehumet
Wu Jian
Xom
Yredelemnul
Zin
The Shining One

Shops:
D:6 *   D:7 (   D:9 (

Annotations:
D:6 Pikel


Innate Abilities, Weirdness & Mutations

You can walk through water.
Your dull iron-grey scales are very hard. (AC +12)
You cannot fit into any form of body armour.
You can survive without breathing.
You are cold-blooded and may be slowed by cold attacks.


Message History

Your surroundings suddenly seem different.
A yak comes into view.
The yak bellows!
A yak comes into view.
The yak bellows!
A yak comes into view.
The yak bellows!
You hear a loud, deep croak!
You hear an angry hiss.
A porcupine comes into view.
The yak barely misses you. The yak gores you!
* * * LOW HITPOINT WARNING * * *
Found a plate armour and 23 stones.
As you read the scroll of teleportation, it crumbles to dust.
You feel strangely unstable.
A spiny frog comes into view.
The yak gores you!
* * * LOW HITPOINT WARNING * * *
The yak misses you.
You riposte.
You slash the yak! You freeze the yak.
The yak is moderately wounded.
The porcupine bites you.
You die...

# ###### P##
..###....#...#P#
.......YYY......
.......@r.....##
.........[.(.F#
................
................
..............#.
..............#
...............
#..P#...#......


You could see 3 yaks, a spiny frog and a porcupine.

Vanquished Creatures
  A tengu warrior (D:9)
  A spiny frog (Lair:1)
  A komodo dragon (D:9)
  A troll (D:8)
  6 polar bears
  Prince Ribbit (D:8)
  3 blink frogs (D:9)
  2 hippogriffs
  8 yaks (Lair:1)
  A hungry ghost (D:7)
  A human (D:7)
  4 hogs (D:7)
  A porcupine (Lair:1)
  An ice beast (D:9)
  2 orc warriors
  4 sky beasts
  11 black bears
  A phantom (D:8)
  2 ogres
  A slave (D:6)
  A necrophage (D:8)
  2 centaurs
  3 crocodiles
  A big kobold (D:8)
  6 bullfrogs
  A gnoll sergeant (D:8)
  A water moccasin zombie (D:9)
  3 jellies
  A scorpion (D:8)
  4 killer bees (D:9)
  4 wights
  4 howler monkeys
  3 electric eels
  A bullfrog zombie (D:5)
  6 hounds
  2 orc wizards (D:4)
  3 orc priests
  Crazy Yiuf (D:3)
  3 iguanas
  Ijyb (D:3)
  6 worker ants
  A killer bee zombie (D:9)
  A hound zombie (D:9)
  A howler monkey zombie (D:8)
  9 gnolls
  8 adders
  3 shadow imps
  An ooze (D:5)
  2 worms
  A dart slug (D:1)
  6 leopard geckos
  22 orcs
  A ball python (D:3)
  9 bats
  7 giant cockroaches
  7 goblins
  8 hobgoblins
  2 jackals (D:8)
  3 quokkas
  7 frilled lizards
  A jackal zombie (D:7)
  11 kobolds
  A leopard gecko skeleton (D:8)
  2 quokka skeletons
  10 rats
  A plant (D:9)
235 creatures vanquished.

Vanquished Creatures (others)
  3 plants (D:9)
3 creatures vanquished.

Grand Total: 238 creatures vanquished

Notes
Turn   | Place    | Note
-------+----------+-------------------------------------------
     0 | D:1      | kae the Draconian Fire Elementalist began the quest for the
                  | Orb.
     0 | D:1      | Reached XP level 1. HP: 14/14 MP: 3/3
   268 | D:1      | Reached XP level 2. HP: 20/20 MP: 5/5
   913 | D:1      | Reached XP level 3. HP: 26/26 MP: 6/6
  1287 | D:2      | Found a bloodstained altar of Trog.
  1407 | D:2      | Reached skill level 4 in Fire Magic
  1667 | D:2      | Reached XP level 4. HP: 33/33 MP: 7/7
  1712 | D:3      | Noticed Ijyb
  1728 | D:3      | Killed Ijyb
  1988 | D:3      | Found a transporter.
  2032 | D:3      | Found a transporter.
  2409 | D:3      | Found a runed translucent door.
  2410 | D:3      | Noticed Crazy Yiuf
  2566 | D:3      | Learned a level 2 spell: Throw Flame
  2570 | D:3      | Learned a level 3 spell: Conjure Flame
  2576 | D:3      | Killed Crazy Yiuf
  2576 | D:3      | Reached XP level 5. HP: 31/38 MP: 2/9
  2766 | D:3      | Reached skill level 5 in Fire Magic
  2861 | D:4      | Reached XP level 6. HP: 38/45 MP: 4/10
  3355 | D:4      | Found a deep blue altar of Sif Muna.
  3816 | D:5      | Entered Level 5 of the Dungeon
  4210 | D:5      | Reached skill level 6 in Fire Magic
  4321 | D:5      | Your scales start taking on a dull iron-grey colour.
  4321 | D:5      | Reached XP level 7. HP: 50/50 MP: 9/12
  4321 | D:5      | Gained mutation: You can survive without breathing. [Grey
                  | Draconian growth]
  5030 | D:6      | Noticed Pikel
  5277 | D:5      | Learned a level 4 spell: Sticky Flame
  5404 | D:6      | Reached skill level 7 in Fire Magic
  5455 | D:6      | Found Ajadihis's Lightly-Used Armoury.
  5805 | D:6      | Found a staircase to the Ecumenical Temple.
  5874 | Temple   | Entered the Ecumenical Temple
  5950 | Temple   | Became a worshipper of Vehumet
  5985 | D:7      | Found Zucwuesi's Weapon Emporium.
  6292 | D:7      | Reached XP level 8. HP: 57/57 MP: 15/15
  6482 | D:7      | Reached skill level 5 in Spellcasting
  6482 | D:7      | Reached skill level 8 in Fire Magic
  6508 | D:7      | Reached skill level 9 in Fire Magic
  7075 | D:7      | Reached XP level 9. HP: 62/62 MP: 9/18
  7329 | D:8      | Reached * piety under Vehumet
  7329 | D:8      | Offered knowledge of Sandblast by Vehumet.
  7469 | D:8      | Reached skill level 10 in Fire Magic
  8053 | D:8      | Reached skill level 11 in Fire Magic
  8057 | D:8      | Noticed Prince Ribbit
  8099 | D:8      | Killed Prince Ribbit
  8099 | D:8      | Offered knowledge of Sting by Vehumet.
  8395 | D:8      | Reached ** piety under Vehumet
  8680 | D:8      | Identified the Tome of Combat Magic
  8842 | D:9      | Reached XP level 10. HP: 23/69 MP: 9/21
  9226 | D:9      | Found a staircase to the Lair.
  9314 | D:9      | Found Ruheth's Antique Weapon Shoppe.
  9387 | D:9      | Reached skill level 12 in Fire Magic
  9600 | D:9      | Noticed a tengu warrior
  9611 | D:8      | Reached skill level 1 in Fighting
 10066 | D:9      | Killed a tengu warrior
 10066 | D:9      | Offered knowledge of Ignite Poison by Vehumet.
 10525 | D:9      | Found a staircase to the Orcish Mines.
 10578 | Lair:1   | Entered Level 1 of the Lair of Beasts
 10988 | Lair:1   | Reached *** piety under Vehumet
 10992 | Lair:1   | HP: 1/78 [black bear (4)]
 11272 | Lair:1   | Reached skill level 13 in Fire Magic
 11293 | Lair:1   | Reached XP level 11. HP: 84/84 MP: 11/23
 12367 | Lair:1   | Reached skill level 5 in Fighting
 12764 | Lair:1   | Offered knowledge of Olgreb's Toxic Radiance by Vehumet.
 12771 | Lair:1   | Learned a level 5 spell: Fireball
 13105 | Lair:2   | Noticed a catoblepas
 13113 | Lair:2   | Noticed a four-headed hydra
 13121 | Lair:2   | Slain by a porcupine

Skill      XL: |  1  2  3  4  5  6  7  8  9 10 11 |
---------------+----------------------------------+-----
Fire Magic     | 4 5 6 7 9 11 13 | 13.6
Conjurations   | 2 3 4 |  4.0
Spellcasting   | 3 4 6 7 8 9 |  9.2
Fighting       | 4 5 |  5.3
Dodging        | |  1.7
Stealth        | |  1.7

Action                   |  1- 3 |  4- 6 |  7- 9 | 10-12 || total
-------------------------+-------+-------+-------+-------++-------
Melee: Unarmed           |    30 |       |       |       ||    30
       Dagger            |    31 |    77 |   158 |    28 ||   294
       Tailslap          |     2 |     9 |    12 |     8 ||    31
       Great sword       |       |       |       |    31 ||    31
 Cast: Flame Tongue      |    49 |    84 |   176 |   176 ||   485
       Conjure Flame     |       |     1 |     1 |     3 ||     5
       Throw Flame       |       |     8 |    21 |    32 ||    61
       Sticky Flame      |       |       |    14 |    29 ||    43
  Use: Scroll            |     5 |    10 |     4 |     6 ||    25
       Potion            |       |     3 |     2 |     6 ||    11
 Stab: Sleeping          |     2 |       |     2 |     1 ||     5
  Eat: Chunk             |     3 |     8 |     9 |    11 ||    31
       Ration            |       |       |     2 |     1 ||     3
Armor: Skin              |    26 |    33 |   126 |   161 ||   346
Dodge: Dodged            |    53 |    69 |   216 |   219 ||   557
       Rpst.: Great sword |       |       |       |    15 ||    15
